 Dungeon Crawl Stone Soup version 0.21.1-1-g345015fe64 (webtiles) character file.

203 Ikesh the Sneak (level 5, -3/48 HPs)
             Began as a Naga Enchanter on Mar 4, 2018.
             Killed from afar by an orc wizard (5 damage)
             ... with a magic dart
             ... on level 4 of the Dungeon.
             The game lasted 00:23:48 (3997 turns).

Ikesh the Sneak (Naga Enchanter)                    Turns: 3997, Time: 00:23:48

Health: -3/48      AC:  4    Str:  9 (10) XL:     5   Next: 81%
Magic:  5/8        EV:  6    Int: 18      God:
Gold:   164        SH:  0    Dex: 12      Spells: 3/9 levels left

rFire    + . .     SeeInvis +   a - +2 dagger
rCold    . . .     Gourm    .   w - +2 shield
rNeg     . . .     Faith    .   i - +1 leather armour
rPois    +         Spirit   .   (no helmet)
rElec    .         Reflect  .   (no cloak)
rCorr    +         Harm     .   (no gloves)
MR       .....                  (no barding)
Stlth    +.........             (no amulet)
HPRegen  0.16/turn              l - ring of resist corrosion
MPRegen  0.11/turn              n - ring of protection from fire

@: confused, very slightly contaminated, very slow
A: large, see invisible, clever 1, deformed body, deterioration 1, low mp 1,
poison resistance, robust 1, slowness 2, slow metabolism 1, spit poison 1, AC +1
a: Spit Poison


You were on level 4 of the Dungeon.
You were not hungry.

You visited 1 branch of the dungeon, and saw 4 of its levels.

You collected 164 gold pieces.

Inventory:

Hand Weapons
 a - a +2 dagger (weapon)
Armour
 b - a +0 robe
 i - a +1 leather armour (worn)
 w - a +2 shield (worn)
Jewellery
 l - a ring of resist corrosion (left hand)
 n - a ring of protection from fire (right hand)
Scrolls
 e - 2 scrolls of magic mapping
 h - a scroll of remove curse
 k - 2 scrolls of identify
 m - a scroll of blinking
 o - a scroll of fog
Potions
 g - a potion of agility
Books
 c - a book of Maledictions

   Spells                             Type                      Level
   a - Corona                         Hexes                        1
   b - Ensorcelled Hibernation        Hexes/Ice                    2
   c - Confuse                        Hexes                        3
   d - Tukima's Dance                 Hexes                        3
   e - Dazzling Spray                 Conjuration/Hexes            3
Comestibles
 d - 8 rations


   Skills:
 + Level 1.3 Fighting
 + Level 1.9 Short Blades
 + Level 0.2 Armour
 + Level 1.7 Dodging
 + Level 6.5 Stealth
 + Level 2.6 Spellcasting
 + Level 3.7 Hexes
 + Level 1.4 Ice Magic


You had 3 spell levels left.
You knew the following spells:

 Your Spells              Type           Power        Failure   Level  Hunger
a - Corona                Hex            ###....      34%         1    #......
b - Ensorcelled Hibernat  Hex/Ice        ##....       63%         2    ##.....
c - Confuse               Hex            ###.....     71%         3    ###....


Dungeon Overview and Level Annotations

Branches:
Dungeon (4/15)
 Temple: D:4-7

Altars:
Cheibriados
Fedhas
Uskayaw

Annotations:
D:4 Ikesh's ghost, amateur FoAK


Innate Abilities, Weirdness & Mutations

You cannot wear boots.
Your serpentine skin is tough. (AC +1)
You have supernaturally acute eyesight. (SInv)
Armour fits poorly on your strangely shaped body.
Your system is resistant to poisons. (rPois)
You cover ground very slowly.
You have a slow metabolism.
You can spit poison.
Your mind is acute. (Int +2)
Your body sometimes deteriorates upon taking damage.
Your magical capacity is low. (-10% MP)
You are robust. (+10% HP)


Message History

The orc closely misses you.
You hit the orc wizard.
The orc wizard is heavily wounded.
The orc wizard looks more healthy.
The orc wizard hits you but does no damage.
The orc wizard hits you with a dagger.
* * * LOW HITPOINT WARNING * * *
You block the orc's attack.
You have got your breath back.
The orc wizard casts a spell at you.
You are confused.
The orc wizard casts a spell at you. The magic dart hits you!
* * * LOW HITPOINT WARNING * * *
You bump into the stone wall.
Unknown command.
You bump into the stone wall.
The orc completely misses you.
The orc wizard points at you and mumbles some strange words.
The magic dart hits you!
You die...

,......,*,.............#...##
....o..****....#***#........##
....o..## *#...# ###.......##
........## *...## #........##
.....o...# *#...# ###.........##
.........## #...####............#
..........###....................
...............oo............[...
........#.....oo@................
.......############.#............
.......#***_*,*⌠*,#..............
.......#*,*,*,*,*,8.##...........
......##*,,,,,,,,,..*#...........
......##*,,,,,,,,,,,*#...........
.......#*,*,*,*,*,8*##...........
.......#*****_*8*,###......##....
.......############.......#####..


You could see 2 orc wizards and 2 orcs.

Vanquished Creatures
  A bullfrog skeleton (D:4)
  An orc wizard (D:3)
  3 gnolls (D:3)
  6 adders
  An ooze (D:1)
  A worm (D:2)
  2 dart slugs
  A leopard gecko (D:3)
  4 orcs (D:3)
  5 giant cockroaches
  4 goblins
  A hobgoblin (D:1)
  3 jackals (D:2)
  A quokka (D:4)
  A ball python (D:1)
  6 bats
  3 frilled lizards
  6 kobolds
  7 rats
57 creatures vanquished.

Notes
Turn   | Place    | Note
-------+----------+-------------------------------------------
     0 | D:1      | Ikesh the Naga Enchanter began the quest for the Orb.
     0 | D:1      | Reached XP level 1. HP: 15/15 MP: 3/3
   561 | D:1      | Reached XP level 2. HP: 22/22 MP: 5/5
   565 | D:1      | Learned a level 2 spell: Ensorcelled Hibernation
   584 | D:1      | Reached skill level 5 in Stealth
  1270 | D:2      | Reached XP level 3. HP: 30/30 MP: 6/6
  1419 | D:2      | Learned a level 3 spell: Confuse
  1500 | D:2      | Reached skill level 1 in Fighting
  1700 | D:2      | Reached XP level 4. HP: 38/38 MP: 2/7
  1802 | D:2      | Reached skill level 1 in Ice Magic
  1858 | D:2      | Found a blossoming altar of Fedhas.
  2064 | D:3      | Found a hide-covered altar of Uskayaw.
  2420 | D:3      | Found a snail-covered altar of Cheibriados.
  2727 | D:3      | Reached XP level 5. HP: 39/44 MP: 1/8
  2830 | D:3      | Reached skill level 6 in Stealth
  3264 | D:4      | Noticed Ikesh's ghost (amateur FoAK)
  3454 | D:4      | Noticed a phantom
  3788 | D:4      | Gained mutation: Your magical capacity is low. (-10% MP) [potion of mutation]
  3788 | D:4      | Gained mutation: Your body sometimes deteriorates upon taking damage. [potion of mutation]
  3788 | D:4      | Gained mutation: Your mind is acute. (Int +2) [potion of mutation]
  3788 | D:4      | Gained mutation: You are robust. (+10% HP) [potion of mutation]
  3994 | D:4      | HP: 1/48 [orc wizard/magic dart (2)]
  3997 | D:4      | Killed from afar by an orc wizard

Skill      XL: |  1  2  3  4  5 |
---------------+----------------+-----
Stealth        | 5 6 |  6.5
Fighting       | 1 |  1.3
Ice Magic      | 1 |  1.4
Short Blades   | |  1.9
Armour         | |  0.2
Dodging        | |  1.7
Spellcasting   | |  2.6
Hexes          | |  3.7

Action                   |  1- 3 |  4- 6 || total
-------------------------+-------+-------++-------
Melee: Dagger            |    94 |    81 ||   175
 Cast: Ensorcelled Hiber |    16 |    18 ||    34
       Corona            |     3 |       ||     3
       Confuse           |       |     2 ||     2
 Abil: Spit Poison       |     2 |     3 ||     5
  Use: Scroll            |     1 |     9 ||    10
       Potion            |       |     5 ||     5
 Stab: Sleeping          |    17 |    16 ||    33
  Eat: Chunk             |     3 |     8 ||    11
Armor: Robe              |    18 |     3 ||    21
       Leather armour    |       |     6 ||     6
Dodge: Dodged            |    53 |    38 ||    91
Block: Shield            |       |    15 ||    15
